 Dungeon Crawl Stone Soup version 0.31-b1-18-g61460d1e46 (webtiles) character file.

Game seed: 8801368721726928526

2236 Esekla the Covert (level 9, -2/61 HPs)
             Began as an Octopode Delver on Jan 16, 2024.
             Was an Initiate of Gozag.
             Engulfed by a steam dragon's steam (8 damage)
             ... on level 7 of the Dungeon.
             The game lasted 00:40:44 (5557 turns).

Esekla the Covert (Octopode Delver)                 Turns: 5557, Time: 00:40:45

Health: -2/61      AC:  1    Str: 12    XL:     9   Next: 36%
Magic:  1/15       EV: 15    Int: 16    God:    Gozag
Gold:   819        SH:  0    Dex: 13    Spells: 12/16 levels left

rFire   . . .        s - +1 dagger (protect)
rCold   . . .        (no shield)
rNeg    . . .        (helmet restricted)
rPois   .            G - amulet of magic regeneration
rElec   .            B - ring of flight
rCorr   .            (no ring)
SInv    .            (no ring)
Will    .....        (no ring)
Stlth   +++++        (no ring)
HPRegen 0.30/turn    (no ring)
MPRegen 0.54/turn    (no ring)
                     (no ring)

%: no passive effects
@: brilliant, attractive, flying, very slightly contaminated
A: almost no armour, amphibious, 8 rings, camouflage 1, gelatinous body 1,
(nimble swimmer 1), tentacles
a: Renounce Religion, Potion Petition, Call Merchant, Bribe Branch


You were on level 7 of the Dungeon.
You worshipped Gozag.
Gozag was pleased with you.
You visited 2 branches of the dungeon, and saw 8 of its levels.

You collected 1179 gold pieces.
You spent 333 gold pieces at shops.
You paid 27 gold pieces to Gozag.

Inventory:

Hand Weapons
 a - a +0 long sword
 r - a +0 spear
 s - a +1 dagger of protection (weapon)
Missiles
 p - 14 poisoned darts (quivered)
Jewellery
 B - a ring of flight (left tentacle)
 G - an amulet of magic regeneration (around mantle)
Wands
 f - a wand of digging (3)
 g - a wand of flame (8)
Scrolls
 b - 2 scrolls of fog
 d - 5 scrolls of fear
 e - 2 scrolls of blinking {unknown}
 h - a scroll of enchant armour {unknown}
 i - 4 scrolls of teleportation {unknown}
 n - 6 scrolls of identify {unknown}
 q - a scroll of summoning {unknown}
 t - a scroll of poison {unknown}
 v - a scroll of revelation
 y - a scroll of torment {unknown}
 C - a scroll of noise {unknown}
 D - a scroll of immolation {unknown}
 E - a scroll of enchant weapon {unknown}
Potions
 c - a potion of degeneration {unknown}
 k - a potion of magic
 l - a potion of might {unknown}
 m - a potion of lignification {unknown}
 o - 3 potions of brilliance
 u - a potion of enlightenment {unknown}
 w - a potion of curing {unknown}
 x - a potion of mutation
 z - a potion of attraction
 A - a potion of heal wounds {unknown}


   Skills:
 * Level 5.4 Fighting
 + Level 3.9(4.5) Short Blades
 + Level 3.2(4.1) Long Blades
 + Level 0.8 Throwing
 * Level 5.2 Dodging
 + Level 9.7 Stealth
 * Level 4.4 Spellcasting
 * Level 4.6 Necromancy
 + Level 0.7 Translocations
 + Level 0.2 Evocations


You had 12 spell levels left.
You knew the following spells:

 Your Spells              Type           Power      Damage    Failure   Level
d - Vampiric Draining     Necr           27%        2d7       7%          3
p - Apportation           Tloc           18%        N/A       12%         1

Your spell library contained the following spells:

 Spells                   Type           Power      Damage    Failure   Level
 Necrotise                Necr           100%       1d9       2%          1
 Slow                     Hex            20%        N/A       16%         1
 Sting                    Conj/Alch      20%        1d4       16%         1
 Summon Small Mammal      Summ           20%        N/A       16%         1
 Ensorcelled Hibernation  Hex/Ice        10%        N/A       24%         2
 Jinxbite                 Hex            10%        N/A       24%         2
 Confusing Touch          Hex            5%         N/A       43%         3
 Passwall                 Erth           5%         N/A       43%         3
 Sigil of Binding         Hex            5%         N/A       43%         3
 Swiftness                Air            5%         N/A       43%         3
 Yara's Violent Unravell  Hex/Alch       2%         3d3       99%         5
 Enfeeble                 Hex            2%         N/A       100%        7


Dungeon Overview and Level Annotations

Branches:
Dungeon (7/15)             Temple (1/1) D:5

Altars:
Ashenzari
Cheibriados
Dithmenos
Fedhas
Gozag
Kikubaaqudgha
Makhleb
Nemelex Xobeh
Okawaru
Qazlal
Ru
Sif Muna
Trog
Uskayaw
Wu Jian
Xom
Yredelemnul
The Shining One

Shops:
D:2 [**


Innate Abilities, Weirdness & Mutations

You cannot wear most types of armour.
You are amphibious.
You can wear up to eight rings at the same time.
Your skin changes colour to match your surroundings (Stealth+).
Your rubbery body absorbs attacks. (AC +1, EV +1)
((You are camouflaged when in or above water. (Stealth+)))
You have tentacles for arms and can constrict up to eight enemies at once.


Message History

Press: ? - help, Shift-Dir - straight line, f/p - steam dragon
Aim: a steam dragon (severely wounded)
You miscast Vampiric Draining.
You are very lightly contaminated with residual magic.
Nothing appears to happen.
The steam dragon breathes steam at you. The ball of steam misses you.
You hear a howl!
Casting: Vampiric Draining (dangerous; 7% risk of failure)
Confirm with . or Enter, or press ? or * to list all spells.
You don't have enough magic to cast this spell.
Unknown command.
Unknown command.
You barely miss the steam dragon.
The steam dragon is severely wounded.
You are engulfed in a cloud of scalding steam.
The steam dragon completely misses you. The steam dragon claws you.
* * * LOW HITPOINT WARNING * * *
Casting: Vampiric Draining (dangerous; 7% risk of failure)
Confirm with . or Enter, or press ? or * to list all spells.
Aiming: Vampiric Draining (dangerous; 7% risk of failure)
Press: ? - help, Shift-Dir - straight line, f/p - steam dragon
Aim: a steam dragon (severely wounded, catching its breath)
You miscast Vampiric Draining.
Nothing appears to happen.
You are engulfed in a cloud of scalding steam.
* * * LOW HITPOINT WARNING * * *
The steam dragon barely misses you. The steam dragon closely misses you.
It was a potion of brilliance.
You feel clever all of a sudden.
You are engulfed in a cloud of scalding steam.
* * * LOW HITPOINT WARNING * * *
The steam dragon bites you.
* * * LOW HITPOINT WARNING * * *
The steam dragon claws you.
* * * LOW HITPOINT WARNING * * *
It was a potion of attraction.
You feel attractive to monsters.
You are engulfed in a cloud of scalding steam.
You die...
Your body crumbles into a pile of gold.

# #.# #.# # #.# #.# # #.#
#.# ###########.########.#
..........#........#.#
#########.##########.#
.....................#
#######.#.############
.#......#.#...§§@DY..#
.#.####.#.#.#######.##
.#......#.......# #§## #
.########.......###..#....
.# #.........hD.......# .#
#..................!
.########......§#§~~~~§#....
..........#....#§≈≈≈≈≈≈§#...
....#######...#~~≈.#..§≈~...


You could see a steam dragon and a sky beast.

Vanquished Creatures
  Eustachio (D:6)
  A water moccasin (D:6)
  A black bear (D:6)
  2 sky beasts (D:7)
  An ogre (D:7)
  A phantom (D:5)
  2 bullfrogs (D:7)
  4 scorpions
  5 wights (D:7)
  5 killer bees (D:7)
  2 howler monkeys (D:7)
  A bombardier beetle (D:5)
  A jelly (D:5)
  2 hounds
  2 gnoll boudas
  2 orc priests (D:4)
  A sleepcap (D:4)
  An iguana (D:6)
  12 gnolls
  11 adders
  2 shadow imps (D:6)
  A white imp (D:5)
  2 ufetubi (D:5)
  A dart slug (D:2)
  4 ribbon worms
  3 orcs
  4 ball pythons
  3 bats
  4 endoplasms
  5 giant cockroaches
  10 goblins
  5 hobgoblins
  4 jackals (D:1)
  7 quokkas
  4 frilled lizards
  5 kobolds (D:1)
  6 rats
128 creatures vanquished.

Notes
Turn   | Place    | Note
-------+----------+-------------------------------------------
     0 | D:5      | Esekla the Octopode Delver began the quest for the Orb.
     0 | D:5      | Reached XP level 1. HP: 16/16 MP: 1/1
    18 | D:5      | Found a staircase to the Ecumenical Temple.
    41 | Temple   | Found a transporter.
    41 | Temple   | Found a transporter.
    41 | Temple   | Found a transporter.
    41 | Temple   | Found a transporter.
    41 | Temple   | Entered the Ecumenical Temple
    50 | D:5      | Reached XP level 2. HP: 17/21 MP: 2/2
    76 | D:5      | Noticed a phantom
   193 | D:5      | Noticed a scorpion
   211 | D:5      | Killed a scorpion
   212 | D:5      | Reached skill level 7 in Stealth
   212 | D:5      | Reached skill level 1 in Spellcasting
   212 | D:5      | Reached XP level 3. HP: 20/26 MP: 2/4
   212 | D:5      | Reached XP level 4. HP: 24/31 MP: 2/5
   353 | Temple   | Became a worshipper of Gozag Ym Sagoz the Greedy
   413 | D:5      | Noticed an ogre
   773 | D:4      | Reached XP level 5. HP: 33/36 MP: 6/6
   814 | D:3      | Found a burning altar of Makhleb.
   969 | D:3      | Found a hide-covered altar of Uskayaw.
  1287 | D:3      | Found an ornate altar of the Wu Jian Council.
  1336 | D:2      | Found Xapnamevvi's Assorted Antiques.
  1340 | D:2      | Bought a scroll labelled BYHEYL AFRI for 30 gold pieces
  1340 | D:2      | Bought a scroll labelled DATULUAKUQE for 30 gold pieces
  1340 | D:2      | Bought a green potion for 27 gold pieces
  1613 | D:1      | Reached skill level 8 in Stealth
  1664 | D:1      | Reached XP level 6. HP: 40/43 MP: 8/8
  1738 | D:1      | Learned a level 1 spell: Apportation
  1769 | D:1      | Learned a level 3 spell: Vampiric Draining
  2198 | D:2      | Found Keik Xoh's Armour Shoppe.
  2209 | D:2      | Found Vour Goe's General Store.
  2252 | D:2      | Bought a potion of mutation for 96 gold pieces
  2481 | D:2      | Bought a runed bronze amulet for 150 gold pieces
  3000 | D:4      | Reached skill level 1 in Necromancy
  3166 | D:4      | Found a bloodstained altar of Trog.
  3167 | D:4      | Found a snail-covered altar of Cheibriados.
  3229 | D:4      | Reached XP level 7. HP: 40/48 MP: 9/9
  3503 | D:5      | Reached skill level 1 in Short Blades
  3878 | D:6      | Reached XP level 8. HP: 54/54 MP: 12/12
  3897 | D:6      | Reached skill level 9 in Stealth
  4200 | D:6      | Noticed Eustachio
  4217 | D:6      | Killed Eustachio
  4354 | D:7      | Reached skill level 5 in Fighting
  4806 | D:7      | Reached XP level 9. HP: 58/61 MP: 14/14
  5254 | D:7      | Reached skill level 5 in Dodging
  5557 | D:7      | Engulfed by a steam dragon's steam

Illustrated notes

Levels and vault maps discovered:
D:1:      nzn_arrival_water_spiral, layout_rooms
D:2:      layout_loops_ring, serial_shops, shop, shop, nicolae_shop_crystal
D:3:      layout_basic, lemuel_crystal_altar, amcnicky_altar_gilded,
          lemuel_round_altar, minmay_misc_feat_secret_circle
D:4:      layout_loops_cross, mainiacjoe_overflow_divided_tiny,
          nicolae_twisty_statue_hallways
D:5:      layout_loops_ring, minmay_temple_entry_tees, minmay_increasing_density
D:6:      layout_loops_cross, uniq_eustachio
D:7:      layout_basic, hangedman_misty_isle
Temple:   hellmonk_temple_divided_pantheon

Skill      XL: |  1  2  3  4  5  6  7  8  9 |
---------------+----------------------------+-----
Stealth        | 7 8 9 |  9.7
Spellcasting   | 1 2 3 4 |  4.4
Long Blades    | 3 |  3.2
Dodging        | 3 4 5 |  5.2
Necromancy     | 1 2 4 |  4.6
Fighting       | 4 5 |  5.4
Short Blades   | 1 3 |  3.9
Throwing       | |  0.8
Translocations | |  0.7
Evocations     | |  0.2

Action                     |  1- 3 |  4- 6 |  7- 9 || total
---------------------------+-------+-------+-------++-------
  Melee: Falchion          |     9 |    74 |       ||    83
         Tentacles         |     5 |    35 |    56 ||    96
         Constrict         |     3 |    41 |    33 ||    77
         Dagger            |       |   111 |   170 ||   281
         Punch             |       |     1 |     4 ||     5
  Throw: Dart              |       |       |     7 ||     7
   Cast: Apportation       |       |     3 |     1 ||     4
         Vampiric Draining |       |       |    15 ||    15
  Evoke: Wand              |       |       |     8 ||     8
    Use: Scroll            |     1 |       |       ||     1
         Potion            |       |     2 |     3 ||     5
   Stab: Sleeping          |       |    22 |    10 ||    32
         Distracted        |       |     1 |     1 ||     2
 Armour: Skin              |     5 |    75 |    78 ||   158
  Dodge: Dodged            |    11 |    84 |   100 ||   195
